 Dungeon Crawl Stone Soup version 0.32-a0-876-gcfddb08e57 (webtiles) character file.

Game seed: 2034175235481422649

60020 Bediveer the Bludgeoner (level 14, -2/121 (123) HPs)
             Began as a Coglin Berserker on Apr 1, 2024.
             Was a High Priest of Trog.
             Shot with a bolt by a kobold blastminer (13 damage)
             ... on level 2 of the Orcish Mines.
             The game lasted 00:25:25 (20912 turns).

Bediveer the Bludgeoner (Coglin Berserker)         Turns: 20912, Time: 00:25:26

HP:   -2/121 (123)  AC: 24    Str: 29    XL:     14   Next: 97%
MP:   0/14          EV: 15    Int:  7    God:    Trog [*****.]
Gold: 1918          SH:  0    Dex: 13    Spells: 13/13 levels left

rFire   . . .        c - +4 eveningstar of Moral Flaws {venom, +Blink Str+6}
rCold   + . .        l - +4 eveningstar (flame) {Namzu}
rNeg    . . .        P - +2 chain mail {rC+}
rPois   +            z - +0 helmet
rElec   .            S - +1 cloak of Starlight {*Dazzle EV+4 Stlth--}
rCorr   +            d - +2 pair of gloves {infuse}
SInv    +            n - +2 pair of boots "Fanoiz" {SInv}
Will    +....        (amulet unavailable) Stlth
                     (ring unavailable)
HPRegen 0.40/turn    (ring unavailable)
MPRegen 0.14/turn    E - tungsten assembler {AutoDazzle, rPois rCorr Slay+3}

%: no passive effects
@: on berserk cooldown, slowed, lightly drained, revved, very slow
A: off-hand wielding, slow wielding, warmup strikes, no jewellery
a: Renounce Religion, Evoke Blink, Berserk, Trog's Hand, Brothers in Arms


You were on level 2 of the Orcish Mines.
You worshipped Trog.
Trog was extremely pleased with you.
You visited 3 branches of the dungeon, and saw 18 of its levels.
You also visited: Ossuary and Ice Cave.

You collected 1918 gold pieces.

Inventory:

Hand Weapons
 c - the +4 eveningstar of Moral Flaws (weapon) {venom, +Blink Str+6}
   (You acquired it on level 2 of the Lair of Beasts)

   Str+6:     It affects your strength (+6).
   +Blink:    It lets you blink.
 l - a +4 eveningstar of flaming (offhand) {Namzu}
 A - the +9 morningstar of Trog's Whim {antimagic, Str+2}
   (Trog gifted it to you on level 4 of the Lair of Beasts)

   Str+2:     It affects your strength (+2).
Missiles
 e - 29 poisoned darts (quivered)
 p - 9 darts of dispersal
 I - 18 boomerangs
 W - 4 throwing nets
Armour
 b - a +0 animal skin
 d - a +2 pair of gloves of infusion (worn)
 g - a +1 chain mail
 n - the +2 pair of boots "Fanoiz" (worn) {SInv}
   (You found it on level 7 of the Dungeon)

   SInv:      It lets you see invisible.
 z - a +0 helmet (worn)
 C - a +0 pair of gloves
 P - a +2 chain mail of cold resistance (worn)
 S - the +1 cloak of Starlight (worn) {*Dazzle EV+4 Stlth--}
   (You found it on level 1 of the Lair of Beasts)

   *Dazzle:   It may blind those who miss an attack against the wearer in melee
   combat.
   EV+4:      It affects your evasion (+4).
   Stlth--:   It makes you much less stealthy.
Gizmo
 E - a tungsten assembler (installed) {AutoDazzle, rPois rCorr Slay+3}
   (You invented it yourself on level 5 of the Lair of Beasts)

   [tungsten assembler]

   AutoDazzle: It sometimes fires a blinding ray at enemies whose attacks you
   dodge.
   Slay+3:    It affects your accuracy & damage with ranged weapons and melee
   (+3).
   rPois:     It protects you from poison.
   rCorr:     It protects you from acid and corrosion.
Wands
 a - a wand of polymorph (5)
 x - a wand of light (2)
 J - a wand of mindburst (21)
 K - a wand of roots (15)
 N - a wand of charming (6)
 Q - a wand of digging (6)
 R - a wand of flame (9)
Scrolls
 f - 7 scrolls of teleportation
 i - 9 scrolls of enchant armour
 q - 4 scrolls of noise
 w - 4 scrolls of fog
 y - 2 scrolls of vulnerability
 L - 3 scrolls of identify
 M - 2 scrolls of summoning
 O - 2 scrolls of revelation
 T - a scroll of fear
 U - a scroll of immolation
 V - a scroll of torment
Potions
 h - 2 potions of mutation {unknown}
 j - 4 potions of attraction
 k - 9 potions of curing
 m - 4 potions of might
 o - 2 potions of lignification
 r - 2 potions of invisibility {unknown}
 s - 4 potions of brilliance
 u - a potion of cancellation
 v - 3 potions of degeneration
 F - a potion of ambrosia {unknown}
 H - a potion of enlightenment {unknown}
 Y - a potion of berserk rage {unknown}
 Z - 2 potions of heal wounds


   Skills:
 + Level 15.1 Fighting
 - Level 16.0 Maces & Flails
 + Level 9.2 Armour
 - Level 8.0 Dodging


You had 13 spell levels left.
You didn't know any spells.
Your spell library was empty.

Dungeon Overview and Level Annotations

Branches:
Dungeon (11/15)            Temple (0/1) D:6            Lair (5/5) D:11
 Shoals (0/4) Lair:3       Spider (0/4) Lair:2        Slime (0/5) Lair:4
    Orc (2/2) D:9             Elf (0/3) Orc:2       Ossuary (visited)
  IceCv (visited)

Altars:
Ashenzari
Qazlal
Ru

Shops:
D:1 =   D:2 =   Orc:2 (


Innate Abilities, Weirdness & Mutations

You can wield a second weapon in your off-hand.
It takes a long time for you to wield or remove held weapons.
Your first few attacks do less damage.
You cannot equip rings or amulets.


Message History

Trog accepts your kill.
Trog appreciates your killing of a magic user.
The orc high priest misses you.
The orc priest mumbles some strange prayers to Beogh against you.
Beogh smites you! The orc sorcerer casts a spell at you.
You resist with some effort.
You are no longer berserk.
You are exhausted.
You feel yourself slow down.
Things that are here:
a +0 dagger; a +2 robe of willpower; an orc corpse You sock the orc high priest with your +4 eveningstar of flaming!
You burn the orc high priest.
The orc high priest is moderately wounded.
You bludgeon the orc high priest with the +4 eveningstar of Moral Flaws!!
The orc high priest is poisoned.
An orc wizard comes into view. It is wielding a +0 dagger.
The orc high priest prays to Beogh.
The orc knight roars a battlecry!
The orcs go into a battle-frenzy!
The orc sorcerer casts a spell at you. The bolt of negative energy hits you!!
You feel drained.
* * * LOW HITPOINT WARNING * * *
You hit the orc high priest with your +4 eveningstar of flaming.
You burn the orc high priest.
The orc high priest is severely wounded.
You beat the orc high priest like a drum with the +4 eveningstar of Moral Flaws!!!
You kill the orc high priest!
Trog accepts your kill.
The ice devil disappears in a puff of smoke!
The orc sorcerer says, "Dogrw nutew berg."
The orc sorcerer points at you and mumbles some strange words.
The bolt of fire hits you!
* * * LOW HITPOINT WARNING * * *
Blink to where?
Press: ? - help, Dir - move target
As you read the scroll of blinking, it crumbles to dust.
The kobold blastminer wields a +0 arbalest.
The kobold blastminer shoots a bolt.
The bolt hits you!
You die...

.<.....# #......#####.##........
...<...# #.....oo..##.##........
.......# #....)o..##.##........
.......# . #Ko.##.##........
....^..# #. #. ##..##..##........
......## #∩.#.##)).##.###........
.......# #....)).##..# #........
.......# ##...))##..## #........
.......## #####@)..## #........
........## ###### #........
....#....################........
.#..................##.#[))......
............#.#.........[[[......
......##...####..................
......#...## ##.................
.#.......## ###...............
......#.## #...#..#...#.....


You could see an orc knight, a kobold blastminer, an orc sorcerer (strong) and
an orc wizard (strong).

Vanquished Creatures
  Josephine (Lair:5)
  2 hydras
  5 two-headed ogres
  A merfolk avatar (Lair:5)
  A centaur warrior (D:11)
  3 orc high priests (Orc:2)
  A sea snake (Lair:5)
  A lindwurm (Lair:4)
  4 orc knights
  Pikel (D:6)
  2 orc sorcerers (Orc:2)
  An ugly thing (IceCv)
  A manticore (Lair:5)
  2 cyclopes
  15 elephants
  3 black mambas
  3 kobold blastminers
  A torpor snail (Lair:4)
  A water nymph (Lair:3)
  16 cane toads
  7 rime drakes
  14 komodo dragons
  A troll (D:10)
  Grinder (D:4)
  2 hornets (Lair:5)
  A merfolk (Lair:3)
  6 polar bears
  19 blink frogs
  A shadow (D:11)
  A vampire (D:10)
  2 culicivoras (Lair:2)
  60 yaks
  5 wraiths
  8 wyverns
  Eustachio (D:4)
  6 wargs
  A basilisk (Lair:2)
  4 death yak simulacra (IceCv)
  3 steam dragons
  Menkaure (D:4)
  2 vampire mosquitoes (D:11)
  An acid dragon (D:11)
  20 water moccasins
  20 orc warriors
  2 ice beasts
  4 ogres
  15 centaurs
  8 wolves
  A phantom (D:6)
  3 kobold brigands
  2 lemures (D:6)
  A weeping skull (Ossuary)
  8 bullfrogs
  3 water moccasin zombies (Ossuary)
  A cane toad simulacrum (IceCv)
  5 wights (D:6)
  An elephant simulacrum (IceCv)
  6 killer bees (D:8)
  5 howler monkeys
  An electric eel (Lair:2)
  2 hounds (D:6)
  A bombardier beetle (D:5)
  A spectral scorpion (Ossuary)
  2 gnoll boudas
  20 orc priests
  3 jellies
  A sleepcap (D:6)
  19 orc wizards
  3 scorpion zombies (D:3)
  7 iguanas
  2 crocodile zombies (Ossuary)
  A hound skeleton (D:3)
  3 mummies
  Robin (D:3)
  6 adders
  9 gnolls
  A shadow imp (D:8)
  A white imp (D:6)
  4 adder zombies
  3 adder skeletons (D:3)
  A dart slug (D:2)
  A ribbon worm (D:2)
  78 orcs
  5 ball pythons
  3 bats
  6 endoplasms
  10 gnoll zombies (Ossuary)
  22 goblins
  7 hobgoblins
  8 jackals
  20 kobolds
  6 quokkas
  A ball python skeleton (D:3)
  2 ball python zombies (D:3)
  2 frilled lizards
  A giant cockroach zombie (D:3)
  A jackal skeleton (D:3)
  5 jackal zombies (Ossuary)
  5 orc zombies (Ossuary)
  4 rats
596 creatures vanquished.

Notes
Turn   | Place    | Note
-------+----------+-------------------------------------------
     0 | D:1      | Bediveer the Coglin Berserker began the quest for the Orb.
     0 | D:1      | Reached XP level 1. HP: 18/18 MP: 1/1
   161 | D:1      | Reached XP level 2. HP: 19/24 MP: 2/2
   356 | D:1      | Reached skill level 3 in Maces & Flails
   483 | D:1      | Found Guhua's One-of-a-Kind Rings.
   573 | D:1      | Found Zadudios's Book Boutique.
   829 | D:2      | Reached XP level 3. HP: 29/29 MP: 3/3
   829 | D:2      | Reached ** piety under Trog
  1050 | D:2      | Found Fehiekot's Jewellery Shoppe.
  1085 | D:2      | Reached XP level 4. HP: 35/35 MP: 4/4
  1326 | D:3      | Noticed Robin
  1339 | D:3      | Killed Robin
  1423 | D:3      | Found a faded altar of an unknown god.
  1468 | D:3      | Reached skill level 4 in Maces & Flails
  1468 | D:3      | Reached XP level 5. HP: 29/42 MP: 5/5
  1544 | D:3      | Reached *** piety under Trog
  1805 | D:4      | Noticed Menkaure
  1811 | D:4      | Killed Menkaure
  1812 | D:4      | Reached XP level 6. HP: 45/49 MP: 6/6
  1856 | D:4      | Found a sand-covered staircase.
  1865 | Ossuary  | Entered an ossuary
  1882 | Ossuary  | Reached skill level 5 in Maces & Flails
  1930 | Ossuary  | Reached XP level 7. HP: 55/55 MP: 7/7
  1966 | Ossuary  | Reached **** piety under Trog
  2033 | Ossuary  | Reached skill level 5 in Fighting
  2196 | D:4      | Noticed Grinder
  2204 | D:4      | Paralysed by Grinder for 3 turns
  2222 | D:4      | Killed Grinder
  2223 | D:4      | Reached skill level 6 in Maces & Flails
  2223 | D:4      | Reached XP level 8. HP: 29/62 MP: 8/8
  2533 | D:4      | Noticed Eustachio
  2564 | D:4      | Killed Eustachio
  2999 | D:5      | Entered Level 5 of the Dungeon
  3457 | D:6      | Reached skill level 7 in Maces & Flails
  3472 | D:6      | Reached skill level 5 in Armour
  3502 | D:6      | Found a staircase to the Ecumenical Temple.
  3736 | D:6      | Noticed Pikel
  3752 | D:6      | Killed Pikel
  3753 | D:6      | Reached skill level 8 in Maces & Flails
  3753 | D:6      | Reached XP level 9. HP: 44/71 MP: 9/9
  4830 | D:7      | You fall into a shaft and drop 3 floors!
  4830 | D:10     | Entered Level 10 of the Dungeon
  4957 | D:10     | Identified the +7 sling of Umaeliwn {flame, Will+ rCorr
                  | Str+3 Int+2}
  5088 | D:9      | Reached skill level 9 in Maces & Flails
  5101 | D:9      | Found a staircase to the Orcish Mines.
  5313 | D:9      | Reached ***** piety under Trog
  5314 | D:9      | Reached XP level 10. HP: 62/79 MP: 10/10
  5741 | D:7      | Reached skill level 10 in Maces & Flails
  5755 | D:7      | Identified the +2 pair of boots "Fanoiz" {SInv}
  5971 | D:7      | Received a gift from Trog
  6611 | D:8      | Noticed a two-headed ogre
  6620 | D:8      | Killed a two-headed ogre
  7160 | D:8      | Found a sacrificial altar of Ru.
  7163 | D:8      | Found a stormy altar of Qazlal.
  7164 | D:8      | Found a broken altar of Ashenzari.
  7696 | D:10     | Noticed a two-headed ogre
  7705 | D:10     | Killed a two-headed ogre
  7765 | D:10     | Reached skill level 11 in Maces & Flails
  7765 | D:10     | Reached XP level 11. HP: 70/87 MP: 3/11
  8781 | D:11     | Noticed a two-headed ogre
  8790 | D:11     | HP: 4/133 [two-headed ogre/+0 giant club (9)]
  8792 | D:11     | Killed a two-headed ogre
  9201 | D:11     | Noticed an orc knight
  9566 | D:10     | Killed an orc knight
  9701 | D:11     | Noticed a two-headed ogre
  9712 | D:11     | Killed a two-headed ogre
 10043 | D:11     | Noticed a centaur warrior
 10051 | D:11     | Killed a centaur warrior
 10052 | D:11     | Reached skill level 12 in Maces & Flails
 10058 | D:11     | Noticed a cyclops
 10070 | D:11     | Killed a cyclops
 10158 | D:11     | Found a staircase to the Lair.
 10735 | Lair:1   | Entered Level 1 of the Lair of Beasts
 10975 | Lair:1   | Reached skill level 10 in Fighting
 10987 | Lair:1   | Reached XP level 12. HP: 67/97 MP: 4/12
 11400 | Lair:1   | Found the +1 cloak of Starlight {*Dazzle EV+4 Stlth--}
 11534 | Lair:1   | Reached skill level 13 in Maces & Flails
 11549 | Lair:1   | Received a gift from Trog
 11663 | Lair:1   | Reached skill level 5 in Dodging
 12737 | Lair:2   | You fall into a shaft and drop 1 floor!
 13082 | Lair:3   | Reached skill level 14 in Maces & Flails
 13250 | Lair:3   | Reached XP level 13. HP: 106/106 MP: 4/13
 14094 | Lair:2   | Found a hole to the Spider Nest.
 14715 | Lair:2   | Identified a scroll of acquirement
 14716 | Lair:2   | Acquired the +4 eveningstar of Moral Flaws {venom, +Blink
                  | Str+6}
 16052 | Lair:4   | Found a staircase to the Slime Pits.
 16077 | Lair:4   | Identified the +9 morningstar of Trog's Whim {antimagic,
                  | Str+2} (Trog gifted it to you on level 4 of the Lair of
                  | Beasts)
 16077 | Lair:4   | Received a gift from Trog
 16929 | Lair:5   | Entered Level 5 of the Lair of Beasts
 16985 | Lair:5   | Reached XP level 14. HP: 109/120 MP: 0/14
 16993 | Lair:5   | Acquired a tungsten assembler {AutoDazzle, rPois rCorr
                  | Slay+3}
 17071 | Lair:5   | Reached skill level 15 in Maces & Flails
 17071 | Lair:5   | Found a frozen archway.
 17117 | IceCv    | Entered an ice cave
 17686 | Lair:5   | Noticed Josephine
 17692 | Lair:5   | Killed Josephine
 18643 | Lair:5   | Received a gift from Trog
 19339 | Orc:1    | Entered Level 1 of the Orcish Mines
 19959 | Orc:2    | Entered Level 2 of the Orcish Mines
 20518 | Orc:2    | Found a staircase to the Elven Halls.
 20876 | Orc:2    | Found Razargho's Weapon Shop.
 20878 | Orc:2    | Reached skill level 16 in Maces & Flails
 20887 | Orc:2    | Received a gift from Trog
 20900 | Orc:2    | Reached skill level 15 in Fighting
 20912 | Orc:2    | Shot with a bolt by a kobold blastminer

Illustrated notes

Levels and vault maps discovered:
D:1:      lightli_arrival_noodles, layout_basic, serial_shops,
          nicolae_shop_rolling_square, nicolae_shop_unique_rings
D:2:      layout_rooms, serial_shops, nicolae_shop_tiny_real_fake_doors,
          minmay_statues_item
D:3:      layout_rooms, serial_undead, serial_undead_a, serial_undead_b,
          serial_undead_a, serial_undead_c, serial_undead_e, serial_undead_b,
          shapermc_ecumenical_altar_gd, kennysheep_another_room, uniq_robin
D:4:      layout_basic, gup_ossuary_entry_pyramid, kennysheep_cross_bottleneck,
          minmay_hedge_maze, hangedman_decor_lopped, uniq_eustachio,
          uniq_menkaure, uniq_grinder
D:5:      layout_rooms
D:6:      layout_loops_ring, minmay_temple_entry_slanted,
          chequers_serial_rivers_marsh, st_stairs_7, hellmonk_no_cap, uniq_pikel
D:7:      layout_basic, minmay_fractal_squares_5
D:8:      layout_loops_ring, grunt_temple_overflow_open, minmay_between
D:9:      layout_roguey, david_orc_3
D:10:     layout_basic
D:11:     layout_roguey [special_room_orc], lair_entry_dummy, minmay_orc_keep
Lair:1:   layout_regular_city, infiniplex_staircase_pool_2, lemuel_fruit_fields
Lair:2:   layout_regular_city, hellmonk_spider_entry_life_and_decay,
          infiniplex_staircase_pool
Lair:3:   layout_regular_city, nicolae_shoals_entry_flooding,
          pdpol_lair_neglected_garden, minivault_19
Lair:4:   layout_layer_cave, slime_entry_1, grunt_megastairs_3
Lair:5:   gammafunk_lair_ancient_temple, layout_layer_cave,
          portal_ice_cave_rime, grunt_megastairs_4, uniq_josephine
Orc:1:    layout_caves, mines5_lemuel
Orc:2:    st_orc_elflike, layout_caves

Skill      XL: |  1  2  3  4  5  6  7  8  9 10 11 12 13 14 |
---------------+-------------------------------------------+-----
Armour         | 2 3 4 5 6 7 8 9 |  9.2
Maces & Flails | 3 4 5 6 8 9 11 12 14 16 | 16.0
Fighting       | 4 5 6 7 8 10 11 14 15 | 15.1
Dodging        | 4 6 7 8 |  8.0

Action                     |  1- 3 |  4- 6 |  7- 9 | 10-12 | 13-15 || total
---------------------------+-------+-------+-------+-------+-------++-------
  Melee: Mace              |    59 |    71 |    79 |       |       ||   209
         Dagger            |    15 |       |       |       |       ||    15
         Whip              |    21 |       |    91 |    77 |       ||   189
         Hand axe          |    31 |    71 |   139 |       |       ||   241
         Flail             |       |       |    90 |   382 |   177 ||   649
         Morningstar       |       |       |    54 |   463 |   230 ||   747
         Eveningstar       |       |       |       |       |   435 ||   435
  Throw: Dart              |       |       |       |     8 |       ||     8
 Invoke: Berserk           |       |       |     5 |     9 |     6 ||    20
Ability: Invent Gizmo      |       |       |       |       |     1 ||     1
  Evoke: Wand              |       |       |       |     1 |       ||     1
    Use: Scroll            |     5 |     2 |     3 |     6 |     9 ||    25
         Potion            |       |       |     7 |       |       ||     7
   Stab: Invisible         |       |       |       |     9 |    24 ||    33
 Armour: Animal skin       |    11 |       |       |       |       ||    11
         Chain mail        |    37 |    76 |   210 |   213 |   119 ||   655
         Skin              |       |       |    78 |       |       ||    78
         Acid dragon scale |       |       |       |   233 |   124 ||   357
  Dodge: Dodged            |    27 |    49 |   121 |   308 |   314 ||   819

Table legend: (Time is in decaauts)
 A = Elapsed time spent in this place.
 B = Non-inter-level travel time spent in this place.
 C = Inter-level travel time spent in this place.
 D = Time resting spent in this place.
 E = Time spent auto-exploring this place.
 F = Levels seen in this place.
 G = Mean time per level.
                   A        B        C        D        E       F      G
               +--------+--------+--------+--------+--------+-----+--------+
         Total |  20953 |  19912 |   1041 |   3229 |  13890 |  20 | 1047.7 |
       Dungeon |  10834 |  10128 |    706 |   1592 |   7073 |  11 |  984.9 |
          Lair |   8043 |   7764 |    279 |   1078 |   5695 |   5 | 1608.6 |
  Orcish Mines |   1297 |   1241 |     56 |    116 |    967 |   2 |  648.5 |
       Ossuary |    311 |    311 |      0 |     93 |    109 |   1 |  311.0 |
      Ice Cave |    466 |    466 |      0 |    349 |     45 |   1 |  466.0 |
               +--------+--------+--------+--------+--------+-----+--------+

Top non-repeatable levels by time:
  Lair:1: 2064 daAuts
  Lair:5: 1823 daAuts
  Lair:4: 1749 daAuts
    D:11: 1710 daAuts
    D:10: 1639 daAuts
  Lair:3: 1331 daAuts
     D:6: 1324 daAuts
     D:9: 1083 daAuts
  Lair:2: 1075 daAuts
     D:8: 1048 daAuts
     D:4: 897 daAuts
     D:7: 840 daAuts
     D:1: 827 daAuts
   Orc:2: 693 daAuts
   Orc:1: 603 daAuts
